[ AOE2 MATCH · #469082185 ]
UnrankedMagyars vs Lithuanians
Player's team · LOSS
[ REPLAY ANALYSIS · EXTRACTED FROM THE RECORDED GAME ]
Feudal
9:58
Castle
19:57
Imperial
43:48
| APM avg | 31.4 |
| APM peak | 60 |
| eAPM avg | 14.6 |
| Villagers / military | 101 / 61 |
Focus
⚔️ 20.8% · 🌾 79.2%
Cavalry Archer ×27 · Magyar Huszar ×13 · Scout Cavalry ×11 · Knight ×6 · Spearman ×3 · Monk ×1
Feudal
8:57
Castle
21:12
Imperial
39:04
| APM avg | 53.3 |
| APM peak | 90 |
| eAPM avg | 24.8 |
| Villagers / military | 118 / 93 |
Focus
⚔️ 35.6% · 🌾 64.4%
Knight ×74 · Trebuchet (Packed) ×6 · Monk ×5 · Scout Cavalry ×5 · Skirmisher ×3
Match map
Initial resources + every placement click. Lines = walls · curves = elevation contours. ◆ gold · ⬟ stone · ● berries · ✦ relic · ◌ wall gap
Inputs per minute
— Kevtech - - Baby star)
Build order — Kevtech
First 150 of 286 actions detected
| 0:00 | Create | Villager (Male) |
| 0:02 | Build | House |
| 0:03 | Build | House |
| 0:23 | Create | Villager (Male) |
| 0:46 | Create | Villager (Male) |
| 1:14 | Create | Villager (Male) |
| 1:32 | Create | Villager (Male) |
| 1:43 | Build | Lumber Camp |
| 2:00 | Create | Villager (Male) |
| 2:32 | Create | Villager (Male) |
| 2:52 | Create | Villager (Male) |
| 3:03 | Create | Villager (Male) |
| 3:33 | Build | House |
| 3:40 | Create | Villager (Male) |
| 3:49 | Build | Mill |
| 3:51 | Create | Villager (Male) |
| 4:52 | Create | Villager (Male) |
| 4:53 | Create | Villager (Male) |
| 5:35 | Create | Villager (Male) |
| 6:14 | Create | Villager (Male) |
| 6:24 | Create | Villager (Male) |
| 6:35 | Research | Loom |
| 6:42 | Create | Villager (Male) |
| 7:48 | Research | Feudal Age |
| 7:56 | Create | Villager (Male) |
| 8:44 | Build | House |
| 8:48 | Build | Barracks |
| 9:00 | Build | House |
| 9:02 | Build | House |
| 9:28 | Build | Lumber Camp |
| 9:58 | Age | Feudal Age |
| 10:04 | Build | House |
| 10:07 | Research | Double-Bit Axe |
| 10:08 | Create | Villager (Male) |
| 10:18 | Build | Palisade Wall |
| 10:20 | Create | Spearman |
| 10:38 | Build | Palisade Wall |
| 10:43 | Build | Palisade Wall |
| 10:47 | Create | Villager (Male) |
| 10:51 | Create | Villager (Male) |
| 10:57 | Research | Horse Collar |
| 11:04 | Create | Spearman |
| 11:15 | Create | Villager (Male) |
| 11:23 | Build | Palisade Wall |
| 11:57 | Build | House |
| 12:01 | Build | House |
| 12:07 | Build | Farm |
| 12:08 | Build | Farm |
| 12:10 | Create | Villager (Male) |
| 12:23 | Create | Villager (Male) |
| 12:29 | Build | Farm |
| 12:31 | Build | Farm |
| 12:42 | Build | Building 796 |
| 12:51 | Build | Stable |
| 12:56 | Build | Farm |
| 13:00 | Build | Farm |
| 13:01 | Create | Villager (Male) |
| 13:10 | Build | Farm |
| 13:11 | Create | Villager (Male) |
| 13:21 | Build | House |
| 13:29 | Create | Spearman |
| 13:34 | Build | House |
| 13:38 | Build | Farm |
| 13:50 | Build | House |
| 13:52 | Build | House |
| 13:56 | Build | Palisade Wall |
| 14:04 | Build | Farm |
| 14:17 | Create | Villager (Male) |
| 14:23 | Research | Wheelbarrow |
| 14:29 | Build | Mining Camp |
| 14:49 | Build | Farm |
| 14:49 | Build | Farm |
| 14:50 | Build | Farm |
| 14:50 | Build | Farm |
| 14:50 | Build | Farm |
| 14:59 | Build | Palisade Wall |
| 15:30 | Build | Mining Camp |
| 15:34 | Build | Farm |
| 15:39 | Build | Farm |
| 16:05 | Build | Palisade Wall |
| 16:23 | Create | Villager (Male) |
| 16:30 | Build | Blacksmith |
| 16:32 | Create | Villager (Male) |
| 16:56 | Build | House |
| 16:58 | Build | Farm |
| 16:59 | Create | Villager (Male) |
| 17:17 | Research | Castle Age |
| 17:30 | Create | Scout Cavalry |
| 17:33 | Research | Scale Barding Armor |
| 17:44 | Research | Gold Mining |
| 17:52 | Research | Stone Mining |
| 18:02 | Build | Farm |
| 18:10 | Create | Scout Cavalry |
| 18:33 | Research | Gold Mining |
| 18:39 | Create | Scout Cavalry |
| 19:01 | Build | Mining Camp |
| 19:08 | Research | Bloodlines |
| 19:27 | Build | Stable |
| 19:31 | Create | Villager (Male) |
| 19:57 | Age | Castle Age |
| 19:59 | Research | Light Cavalry (upgrade) |
| 20:12 | Build | Town Center |
| 20:14 | Create | Villager (Male) |
| 20:14 | Create | Villager (Male) |
| 20:26 | Create | Scout Cavalry |
| 20:29 | Build | Farm |
| 20:30 | Create | Villager (Male) |
| 20:51 | Create | Scout Cavalry |
| 21:01 | Create | Knight |
| 21:20 | Build | Building 490 |
| 21:22 | Create | Villager (Male) |
| 21:28 | Create | Scout Cavalry |
| 21:39 | Create | Villager (Male) |
| 21:51 | Create | Scout Cavalry |
| 22:25 | Create | Villager (Male) |
| 22:43 | Research | Husbandry |
| 22:44 | Create | Villager (Male) |
| 22:45 | Create | Villager (Male) |
| 22:49 | Build | Farm |
| 22:50 | Create | Villager (Male) |
| 23:18 | Create | Scout Cavalry |
| 23:19 | Create | Scout Cavalry |
| 23:39 | Create | Villager (Male) |
| 23:39 | Create | Villager (Male) |
| 23:47 | Build | Farm |
| 23:49 | Build | Farm |
| 23:50 | Create | Villager (Male) |
| 24:12 | Build | Farm |
| 24:15 | Build | Farm |
| 24:19 | Build | Farm |
| 24:22 | Build | Farm |
| 24:26 | Build | Farm |
| 24:27 | Create | Villager (Male) |
| 24:47 | Build | House |
| 24:51 | Build | House |
| 24:54 | Create | Villager (Male) |
| 24:56 | Research | Chain Barding Armor |
| 24:57 | Create | Knight |
| 25:12 | Build | Monastery |
| 25:14 | Create | Villager (Male) |
| 25:14 | Create | Villager (Male) |
| 25:24 | Create | Knight |
| 25:33 | Create | Villager (Male) |
| 25:48 | Create | Knight |
| 25:59 | Build | Castle |
| 26:14 | Create | Villager (Male) |
| 26:24 | Create | Knight |
| 26:36 | Create | Villager (Male) |
| 26:36 | Create | Villager (Male) |
| 26:38 | Create | Villager (Male) |
Build order — Baby star)
First 150 of 341 actions detected
| 0:00 | Create | Villager (Male) |
| 0:02 | Build | House |
| 0:03 | Build | House |
| 0:07 | Create | Villager (Male) ×5 |
| 1:26 | Create | Villager (Male) |
| 1:48 | Build | Lumber Camp |
| 2:04 | Create | Villager (Male) |
| 2:21 | Create | Villager (Male) |
| 2:50 | Create | Villager (Male) |
| 3:34 | Create | Villager (Male) |
| 3:38 | Create | Villager (Male) |
| 3:53 | Build | House |
| 4:13 | Build | Mill |
| 5:07 | Create | Villager (Male) |
| 5:15 | Create | Villager (Male) |
| 5:16 | Create | Villager (Male) |
| 5:17 | Research | Loom |
| 6:44 | Research | Feudal Age |
| 7:22 | Build | Barracks |
| 7:29 | Create | Villager (Male) |
| 8:31 | Build | House |
| 8:35 | Build | Palisade Gate |
| 8:39 | Build | Palisade Wall |
| 8:57 | Age | Feudal Age |
| 9:00 | Build | Stable |
| 9:08 | Research | Double-Bit Axe |
| 9:12 | Create | Villager (Male) |
| 9:35 | Create | Villager (Male) |
| 9:44 | Build | Palisade Wall |
| 9:53 | Build | House |
| 9:58 | Create | Scout Cavalry |
| 9:58 | Create | Scout Cavalry |
| 10:07 | Create | Villager (Male) |
| 10:12 | Research | Horse Collar |
| 10:14 | Build | Farm |
| 10:16 | Build | Farm |
| 10:26 | Build | House |
| 10:35 | Create | Villager (Male) |
| 10:55 | Create | Villager (Male) |
| 10:57 | Build | Farm |
| 10:59 | Build | Farm |
| 11:03 | Create | Villager (Male) |
| 11:30 | Build | Blacksmith |
| 11:34 | Create | Villager (Male) |
| 11:39 | Build | Farm |
| 11:50 | Create | Villager (Male) |
| 12:10 | Build | Archery Range |
| 12:16 | Create | Villager (Male) |
| 12:22 | Build | House |
| 12:23 | Build | Palisade Wall |
| 12:27 | Create | Scout Cavalry |
| 12:38 | Build | Farm |
| 12:43 | Create | Villager (Male) |
| 12:50 | Build | Farm |
| 12:53 | Build | Farm |
| 13:02 | Create | Villager (Male) |
| 13:17 | Build | House |
| 13:20 | Create | Skirmisher |
| 13:21 | Create | Skirmisher |
| 13:25 | Create | Skirmisher |
| 13:30 | Create | Villager (Male) |
| 13:36 | Build | Farm |
| 13:51 | Build | House |
| 13:53 | Build | Palisade Wall |
| 14:04 | Build | Farm |
| 14:07 | Build | Farm |
| 14:10 | Create | Villager (Male) |
| 14:28 | Build | Farm |
| 14:31 | Build | Farm |
| 14:36 | Create | Villager (Male) |
| 14:42 | Research | Fletching |
| 14:52 | Build | House |
| 14:55 | Build | Mining Camp |
| 15:07 | Create | Scout Cavalry |
| 15:18 | Build | Farm |
| 15:35 | Create | Villager (Male) |
| 15:35 | Create | Villager (Male) |
| 15:52 | Create | Villager (Male) |
| 15:56 | Build | House |
| 15:58 | Build | Palisade Wall |
| 16:29 | Create | Villager (Male) |
| 16:36 | Build | Farm |
| 16:37 | Build | Farm |
| 16:53 | Create | Villager (Male) |
| 17:24 | Create | Villager (Male) |
| 17:48 | Build | House |
| 18:07 | Create | Villager (Male) |
| 18:16 | Build | Palisade Wall |
| 18:17 | Build | House |
| 18:29 | Research | Castle Age |
| 19:05 | Research | Scale Barding Armor |
| 19:05 | Research | Forging |
| 19:12 | Research | Gold Mining |
| 19:25 | Build | Stable |
| 19:26 | Research | Bloodlines |
| 19:43 | Build | Farm |
| 19:46 | Build | Farm |
| 19:48 | Build | Farm |
| 19:54 | Create | Villager (Male) |
| 20:07 | Build | Market |
| 20:10 | Research | Forging |
| 20:23 | Build | Stable |
| 21:12 | Age | Castle Age |
| 21:15 | Create | Knight |
| 21:15 | Create | Knight |
| 21:17 | Research | Husbandry |
| 21:19 | Create | Villager (Male) |
| 21:25 | Build | Town Center |
| 21:33 | Create | Knight |
| 22:03 | Create | Knight |
| 22:04 | Create | Knight |
| 22:07 | Create | Scout Cavalry |
| 22:15 | Build | Palisade Wall |
| 22:20 | Create | Villager (Male) |
| 22:28 | Create | Villager (Male) |
| 22:28 | Create | Villager (Male) |
| 22:32 | Create | Knight |
| 22:59 | Create | Knight |
| 23:00 | Create | Villager (Male) |
| 23:00 | Create | Villager (Male) |
| 23:00 | Create | Villager (Male) |
| 23:07 | Build | Monastery |
| 23:11 | Create | Knight |
| 23:37 | Create | Knight |
| 23:38 | Create | Knight |
| 23:38 | Create | Villager (Male) |
| 23:59 | Create | Knight |
| 24:05 | Create | Villager (Male) |
| 24:08 | Build | Farm |
| 24:08 | Build | Farm |
| 24:09 | Build | Farm |
| 24:16 | Create | Villager (Male) |
| 24:29 | Create | Knight |
| 24:35 | Build | Farm |
| 24:36 | Build | Farm |
| 24:42 | Build | Farm |
| 24:46 | Create | Knight |
| 24:47 | Create | Villager (Male) |
| 24:52 | Create | Villager (Male) |
| 24:52 | Create | Villager (Male) |
| 24:56 | Build | Monastery |
| 25:01 | Create | Knight |
| 25:06 | Create | Villager (Male) |
| 25:17 | Create | Knight |
| 25:28 | Create | Knight |
| 25:35 | Create | Villager (Male) |
| 25:48 | Create | Knight |
| 25:55 | Create | Villager (Male) |
| 25:57 | Build | Farm |
| 26:15 | Create | Knight |
Match timeline
| 7:22 | Baby star) · first_building Barracks |
| 8:39 | Baby star) · wall_segment Palisade Wall x1 |
| 8:48 | Kevtech · first_building Barracks |
| 8:57 | Baby star) · age_up feudal |
| 9:00 | Baby star) · first_building Stable |
| 9:44 | Baby star) · wall_segment Palisade Wall x7 |
| 9:58 | Kevtech · age_up feudal |
| 10:18 | Kevtech · wall_segment Palisade Wall x13 |
| 10:38 | Kevtech · wall_segment Palisade Wall x4 |
| 10:43 | Kevtech · wall_segment Palisade Wall x3 |
| 11:23 | Kevtech · wall_segment Palisade Wall x2 |
| 12:10 | Baby star) · first_building Archery Range |
| 12:23 | Baby star) · wall_segment Palisade Wall x12 |
| 12:51 | Kevtech · first_building Stable |
| 13:53 | Baby star) · wall_segment Palisade Wall x4 |
| 13:56 | Kevtech · wall_segment Palisade Wall x1 |
| 14:59 | Kevtech · wall_segment Palisade Wall x6 |
| 15:58 | Baby star) · wall_segment Palisade Wall x14 |
| 16:05 | Kevtech · wall_segment Palisade Wall x8 |
| 18:16 | Baby star) · wall_segment Palisade Wall x1 |
| 19:57 | Kevtech · age_up castle |
| 21:12 | Baby star) · age_up castle |
| 22:15 | Baby star) · wall_segment Palisade Wall x1 |
| 22:26 | Baby star) · first_market_buy 100 food |
| 23:07 | Baby star) · first_building Monastery |
| 25:12 | Kevtech · first_building Monastery |
| 25:37 | Baby star) · first_market_sell 100 wood |
| 25:59 | Kevtech · first_building Castle |
| 28:30 | Kevtech · wall_segment Stone Wall x1 |
| 29:18 | Kevtech · wall_segment Stone Wall x1 |
| 32:42 | Baby star) · first_building Castle |
| 33:02 | Kevtech · wall_segment Stone Wall x1 |
| 33:07 | Kevtech · wall_segment Stone Wall x2 |
| 33:30 | Kevtech · first_building Archery Range |
| 33:51 | Kevtech · wall_segment Palisade Wall x1 |
| 35:31 | Kevtech · wall_segment Stone Wall x3 |
| 36:16 | Kevtech · wall_segment Stone Wall x6 |
| 39:04 | Baby star) · age_up imperial |
| 43:48 | Kevtech · age_up imperial |
| 44:25 | Kevtech · resign |
[ AI ANALYSIS · 1 CREDIT ]
What really happened in this match?
Wolo.gg analyzes every decision: build order, eco, micro, common mistakes by bracket. Personalized analysis on WhatsApp or Discord in 30 seconds.
Civ guide
Magyars
Perfil
Kevtech